 Dungeon Crawl Stone Soup version 0.19.5 (webtiles) character file.

110446 JeffiDaFish the Peltast (level 16, -20/104 HPs)
             Began as a Gargoyle Fighter on Apr 5, 2017.
             Was the Champion of Okawaru.
             Demolished by an enormous slime creature (38 damage)
             ... on level 2 of the Swamp.
             The game lasted 01:00:34 (23150 turns).

JeffiDaFish the Peltast (Gargoyle Fighter)         Turns: 23150, Time: 01:00:34

Health: -20/104    AC: 52    Str: 20    XL:     16   Next: 55%
Magic:  16/16      EV:  9    Int: 11    God:    Okawaru [******]
Gold:   2542       SH: 16    Dex: 22    Spells: 1 memorised, 9 levels left

rFire  . . .     SeeInvis .     F - +4 morningstar (protect)
rCold  . . .     Gourm    .     k - +2 crystal plate armour
rNeg   + + .     Faith    .     c - +0 shield
rPois  ∞         Spirit   .     D - +2 hat of Igesael {Dex+3}
rElec  +         Reflect  .     w - +0 cloak
rCorr  .         Harm     .     J - +2 pair of gloves {Dex+3}
MR     +....                    I - +0 pair of boots
Stlth  ..........               h - amulet of regeneration
                                (no ring)
                                z - ring of Existentialism {rN+ EV+4 Dex+2}

@: about to teleport, protection aura, flying
A: big wings, negative energy resistance 1, electricity resistance, unbreathing,
petrification resistance, rot immunity, AC +11
a: Stop Flying, Heroism, Finesse, Renounce Religion


You were on level 2 of the Swamp.
You worshipped Okawaru.
Okawaru was exalted by your worship.
You were not hungry.

You visited 5 branches of the dungeon, and saw 26 of its levels.
You also visited: Labyrinth.

You collected 2542 gold pieces.

Inventory:

Hand Weapons
 j - a +0 demon whip
 F - a +4 morningstar of protection (weapon)
Armour
 c - a +0 shield (worn)
 k - a +2 crystal plate armour (worn)
 w - a +0 cloak (worn)
 D - the +2 hat of Igesael (worn) {Dex+3}
   (Okawaru gifted it to you on level 11 of the Dungeon)

   It affects your dexterity (+3).
 I - a +0 pair of boots (worn)
 J - a +2 pair of gloves of dexterity (worn)
Rods
 B - a +4 rod of inaccuracy (13/13)
   (You took it off a minotaur in a labyrinth)
Jewellery
 e - an uncursed ring of ice
 h - an amulet of regeneration (around neck)
 z - the ring of Existentialism (left hand) {rN+ EV+4 Dex+2}
   (You found it in a labyrinth)

   [ring of evasion]

   It affects your evasion (+4).
   It affects your dexterity (+2).
   It protects you from negative energy.
Scrolls
 a - 8 scrolls of teleportation
 b - 2 scrolls of identify
 g - 4 scrolls of magic mapping
 i - a scroll of brand weapon
 r - 5 scrolls of remove curse
 t - a scroll of fog
 y - 4 scrolls of amnesia
 M - a scroll of fear
 N - a scroll of blinking
Potions
 d - 5 potions of might
 n - 3 potions of flight
 q - 3 potions of brilliance
 s - a potion of cure mutation
 u - 2 potions of heal wounds
 v - a potion of cancellation
 x - 4 potions of curing
 A - a potion of agility
 E - a potion of haste
 K - a potion of invisibility
 L - a potion of ambrosia {unknown}
Books
 C - a book of Air

   Spells                             Type                      Level
   a - Shock                          Conjuration/Air              1
   b - Swiftness                      Charms/Air                   2
   c - Repel Missiles                 Charms/Air                   2
   d - Static Discharge               Conjuration/Air              3
   e - Lightning Bolt                 Conjuration/Air              5
 G - a book of Power

   Spells                             Type                      Level
   a - Fulminant Prism                Conjuration/Hexes            4
   b - Iskenderun's Mystic Blast      Conjuration                  4
   c - Venom Bolt                     Conjuration/Poison           5
   d - Bolt of Magma                  Conjuration/Fire/Earth       5
   e - Iron Shot                      Conjuration/Earth            6
   f - Orb of Destruction             Conjuration                  7
   g - Spellforged Servitor           Conjuration/Summoning        7
Comestibles
 f - 13 bread rations
 l - 5 fruits
 m - 9 meat rations
 o - 3 slices of pizza
 p - 3 royal jellies
 H - 3 beef jerkies
 O - a chunk of flesh


   Skills:
 + Level 13.6 Fighting
 + Level 16.1 Maces & Flails
 + Level 13.8 Armour
 + Level 0.7 Dodging
 + Level 1.0 Stealth
 + Level 17.3 Shields


You had 9 spell levels left.
You knew the following spells:

 Your Spells              Type           Power        Failure   Level  Hunger
a - Iron Shot             Conj/Erth      #.........   100%        6    #######


Dungeon Overview and Level Annotations

Branches:
Dungeon (15/15)            Temple (1/1) D:7            Lair (6/6) D:11
  Swamp (2/4) Lair:2        Snake (0/4) Lair:2        Slime (0/5) Lair:5
    Orc (2/2) D:12            Elf (0/3) Orc:2        Vaults (0/5) D:13
 Depths (0/5) D:15

Altars:
Ashenzari
Cheibriados
Dithmenos
Elyvilon
Fedhas
Gozag
Hepliaklqana
Kikubaaqudgha
Makhleb
Nemelex Xobeh
Okawaru
Qazlal
Ru
Sif Muna
Trog
Uskayaw
Vehumet
Xom
Yredelemnul
Zin
The Shining One
Beogh
Jiyva

Shops:
D:5 [   D:9 }   D:15 *   Orc:1 %   Orc:2 [(*(

Portals:
Trove: D:10 (give horn of Geryon)


Innate Abilities, Weirdness & Mutations

You are resistant to torment.
Your stone body is resilient. (AC +11)
You are immune to poison.
Your large and strong wings let you fly indefinitely.
You resist negative energy. (rN+)
You are resistant to electric shocks. (rElec)
You can survive without breathing.
You are immune to petrification.
You are immune to rotting.


Message History

You block the insubstantial wisp's attack.
You hit the insubstantial wisp.
The insubstantial wisp is lightly damaged.
You closely miss the insubstantial wisp.
The insubstantial wisp is lightly damaged.
You block the insubstantial wisp's attack.
You closely miss the insubstantial wisp.
The insubstantial wisp is lightly damaged.
The enormous slime creature hits you!!
You block the insubstantial wisp's attack.
You bludgeon the insubstantial wisp!!
You destroy the insubstantial wisp!
Okawaru accepts your kill. The enormous slime creature hits you!!!
* * * LOW HITPOINT WARNING * * *
Unknown command.
As you read the scroll of teleportation, it crumbles to dust.
You feel strangely unstable.
The insubstantial wisp blinks!
The enormous slime creature hits you!!!
You die...

≈≈≈≈≈≈...♣≈..<..♣♣♣ .
≈≈≈≈≈≈≈.≈....≈♣♣♣
≈≈≈≈≈≈≈......♣♣
≈≈≈≈≈...≈.≈..♣
...(...♣♣♣♣♣≈♣♣♣ ≈≈.♣..≈♣
♣...♣ . ≈≈≈≈≈.♣♣♣♣♣♣≈≈≈♣
♣♣..≈
....♣♣♣♣...≈§.♣♣♣♣♣§.....
..§♣♣ ♣≈≈≈.≈♣§♣≈@JFJ.(.≈≈
♣♣♣♣ ♣≈≈.≈♣♣♣≈..♣♣vv≈≈≈≈
####♣♣♣≈..♣♣≈..♣♣♣ ≈≈≈..
...#.≈♣♣♣♣♣♣...§ ≈≈≈§
...#. ♣ ♣≈.§.♣ §≈≈
...#≈♣≈♣ ♣♣♣♣♣♣ .≈
#'##≈≈♣ ♣ ).≈.≈♣ ....♣♣


You could see an enormous slime creature, a large slime creature, a spiny frog
and 2 insubstantial wisps.

Vanquished Creatures
  A thorn hunter (Swamp:1)
  Kirke (D:15)
  A fire giant (D:12)
  Louise (D:15)
  Aizul (Swamp:2)
  An orc warlord (Orc:2)
  A minotaur (Lab)
  2 fire dragons
  6 slime creatures
  2 ogre magi
  Fannar (Lair:2)
  8 vault guards (D:13)
  Erolcha (D:10)
  10 hydras
  A ghost crab (Swamp:1)
  4 centaur warriors
  2 orc high priests (Orc:2)
  Urug (Lair:4)
  A spriggan (Swamp:2)
  The ghost of bande the Cleaver, a novice MiFi of Okawaru (D:9)
  A fire crab (Lair:6)
  An unseen horror (D:12)
  A swamp dragon (Swamp:2)
  3 hill giants
  4 shambling mangroves
  Pikel (D:4)
  2 orc knights
  2 necromancers
  20 ugly things
  3 cyclopes
  2 deep elf magi
  2 orc sorcerers (Orc:1)
  5 manticores
  A wolf spider (D:14)
  A centaur zombie (D:12)
  2 naga magi (D:15)
  6 elephants (Lair:2)
  12 black mambas
  3 molten gargoyles (Lair:6)
  A gargoyle (D:14)
  15 spiny frogs
  2 redback zombies (D:15)
  A komodo dragon (shapeshifter) (D:15)
  An efreet (D:14)
  A kobold demonologist (D:14)
  8 komodo dragons
  3 rime drakes
  6 meliai (D:15)
  A queen bee (D:10)
  6 trolls
  A wolf spider simulacrum (D:15)
  Grinder (D:5)
  3 polar bears
  4 two-headed ogres
  A tyrant leech (Swamp:1)
  10 hornets
  A minotaur skeleton (Lab)
  An alligator zombie (Swamp:2)
  9 hippogriffs
  4 bog bodies
  2 meliai zombies
  Sigmund (D:2)
  2 shadows
  A redback (Lab)
  3 wraiths
  A redback (shapeshifter) (D:13)
  29 yaks
  4 vampires
  8 wyverns
  3 basilisks (Lair:6)
  Eustachio (D:5)
  6 hungry ghosts
  A steam dragon (Lair:6)
  2 mottled dragons
  10 vampire mosquitoes
  3 nagas (Lair:2)
  18 water moccasins
  A soldier ant (shapeshifter) (D:15)
  9 insubstantial wisps
  4 wargs
  4 hell hounds (Lair:6)
  5 swamp worms
  Duvessa (D:5)
  8 porcupines
  4 swamp drakes
  31 orc warriors
  6 ice beasts
  2 eyes of draining
  A swamp dragon zombie (Swamp:2)
  A black bear (D:8)
  A necrophage (D:11)
  A phantom (D:5)
  14 wolves
  23 ogres
  19 centaurs
  9 crocodiles
  2 big kobolds
  2 komodo dragon zombies (Swamp:2)
  15 bullfrogs
  Dowan (D:5)
  4 scorpions
  13 killer bees (D:10)
  21 wights
  5 crimson imps
  4 howler monkeys
  5 lava snakes (Lair:6)
  4 quasits
  2 bullfrog zombies
  2 bullfrog skeletons
  4 jellies
  21 orc priests
  3 centaur skeletons
  5 hounds
  2 hell rats (D:11)
  4 iguanas
  26 orc wizards
  12 worker ants
  The ghost of ZenoRockbell the Ducker, a weakling TrFi of Ru (D:3)
  A crocodile zombie (Swamp:2)
  An ogre skeleton (Lab)
  2 howler monkey skeletons
  A howler monkey zombie (D:8)
  A worker ant zombie (D:5)
  Robin (D:2)
  A swamp drake zombie (Swamp:2)
  8 adders
  A river rat (D:11)
  2 shadow imps (D:14)
  2 oozes
  3 adder skeletons
  2 worms
  2 dart slugs (D:1)
  5 leopard geckos
  103 orcs
  10 bats
  3 giant cockroaches
  20 goblins
  4 hobgoblins
  2 jackals (D:9)
  14 kobolds
  3 quokkas
  2 ball pythons
  A ball python skeleton (D:4)
  4 frilled lizards
  A leopard gecko zombie (D:7)
  8 rats
  A plant (D:3)
805 creatures vanquished.

Vanquished Creatures (others)
  A deep elf mage (D:15)
  3 humans (D:15)
  A spiny frog (Swamp:1)
  A two-headed ogre (D:15)
  An electric eel (Lair:2)
  A quokka (D:8)
  A quokka skeleton (D:4)
  3 fungi (Lair:6)
  3 plants (Lair:6)
15 creatures vanquished.

Grand Total: 820 creatures vanquished

Notes
Turn   | Place    | Note
-------+----------+-------------------------------------------
     0 | D:1      | JeffiDaFish the Gargoyle Fighter began the quest for the Orb.
     0 | D:1      | Reached XP level 1. HP: 14/14 MP: 1/1
   103 | D:1      | Reached XP level 2. HP: 18/19 MP: 2/2
   455 | D:1      | Reached XP level 3. HP: 23/23 MP: 3/3
   691 | D:2      | Noticed Robin
   735 | D:2      | Killed Robin
   735 | D:2      | Reached XP level 4. HP: 25/29 MP: 4/4
   752 | D:2      | Got an ichor-stained helmet
   758 | D:2      | Identified the +1 helmet "Xoder" {rC+ MR+} (You took it off Robin on level 2 of the Dungeon)
   856 | D:2      | Noticed Sigmund
   896 | D:2      | Killed Sigmund
   896 | D:2      | Reached skill level 4 in Shields
   896 | D:2      | Reached XP level 5. HP: 26/33 MP: 5/5
  1114 | D:2      | Reached XP level 6. HP: 38/38 MP: 6/6
  1304 | D:3      | Noticed ZenoRockbell's ghost (weakling TrFi)
  1314 | D:3      | Killed ZenoRockbell's ghost
  1314 | D:3      | Reached skill level 5 in Shields
  1538 | D:3      | Reached skill level 5 in Armour
  1851 | D:4      | Noticed a slave
  1851 | D:4      | Noticed a slave
  1851 | D:4      | Noticed a slave
  1852 | D:4      | Noticed a slave
  1853 | D:4      | Noticed Pikel
  1872 | D:4      | Killed Pikel
  1872 | D:4      | Reached skill level 5 in Maces & Flails
  1872 | D:4      | Reached skill level 6 in Shields
  1872 | D:4      | Reached XP level 7. HP: 30/44 MP: 7/7
  1875 | D:4      | Reached XP level 8. HP: 34/48 MP: 8/8
  1970 | D:4      | Found a shadowy altar of Dithmenos.
  2156 | D:4      | Gained mutation: You have very sharp teeth. [potion of mutation]
  2156 | D:4      | Gained mutation: Your flesh is heat resistant. (rF+) [potion of mutation]
  2156 | D:4      | Gained mutation: You are clumsy. (Dex -2) [potion of mutation]
  2303 | D:4      | Found an ancient bone altar of Kikubaaqudgha.
  2623 | D:5      | Entered Level 5 of the Dungeon
  2649 | D:5      | Noticed Grinder
  2651 | D:5      | Paralysed by Grinder for 5 turns
  2661 | D:5      | Paralysed by Grinder for 2 turns
  2669 | D:5      | Killed Grinder
  2669 | D:5      | Reached skill level 5 in Fighting
  2688 | D:5      | Found Xusakuce's Armour Shop.
  2715 | D:5      | Noticed Eustachio
  2741 | D:5      | Killed Eustachio
  2741 | D:5      | Reached skill level 7 in Shields
  2849 | D:5      | Gained mutation: Your mind is acute. (Int +2) [potion of beneficial mutation]
  3045 | D:5      | Noticed Dowan
  3046 | D:5      | Noticed Duvessa
  3055 | D:5      | Killed Duvessa
  3067 | D:5      | Killed Dowan
  3120 | D:5      | Reached XP level 9. HP: 53/54 MP: 9/9
  3884 | D:6      | Reached skill level 8 in Shields
  4676 | D:7      | Found a staircase to the Ecumenical Temple.
  4689 | Temple   | Entered the Ecumenical Temple
  4892 | Temple   | Became a worshipper of Warmaster Okawaru
  5049 | D:8      | Found a glowing silver altar of Zin.
  5279 | D:8      | Gained mutation: Your spells are a little harder to cast, but a little more powerful. [potion of beneficial mutation]
  5291 | D:8      | Found a blossoming altar of Fedhas.
  5360 | D:8      | Reached * piety under Okawaru
  5364 | D:8      | Found a shattered altar of Ashenzari.
  5412 | D:8      | Reached XP level 10. HP: 56/60 MP: 10/10
  5674 | D:8      | Found a white marble altar of Elyvilon.
  5816 | D:8      | You fall through a shaft for 2 floors!
  5816 | D:10     | Entered Level 10 of the Dungeon
  5932 | D:9      | Found a deep blue altar of Sif Muna.
  6010 | D:9      | Found Hozets's Gadget Boutique.
  6037 | D:9      | Reached skill level 9 in Shields
  6152 | D:9      | Noticed bande's ghost (novice MiFi)
  6168 | D:9      | Killed bande's ghost
  6168 | D:9      | Reached ** piety under Okawaru
  6556 | D:10     | Noticed Erolcha
  6566 | D:10     | Killed Erolcha
  6566 | D:10     | Reached *** piety under Okawaru
  6597 | D:10     | Found a portal to a secret trove of treasure.
  6736 | D:10     | Reached skill level 10 in Maces & Flails
  6751 | D:10     | Reached **** piety under Okawaru
  6769 | D:10     | Reached XP level 11. HP: 44/67 MP: 11/11
  6792 | D:10     | Reached skill level 10 in Shields
  7285 | D:10     | Reached ***** piety under Okawaru
  7546 | D:10     | Noticed a manticore
  7558 | D:10     | Killed a manticore
  7699 | D:11     | Found a staircase to the Lair.
  7700 | D:11     | Noticed a cyclops
  7706 | D:11     | Noticed a hill giant
  7711 | D:11     | Killed a cyclops
  7746 | D:11     | Killed a hill giant
  7760 | D:11     | Reached skill level 11 in Shields
  7884 | D:11     | Noticed a green ugly thing
  7894 | D:11     | Killed a green ugly thing
  7993 | D:11     | Reached skill level 10 in Armour
  8071 | D:11     | Noticed an ogre mage
  8091 | D:11     | Killed an ogre mage
  8091 | D:11     | Reached ****** piety under Okawaru
  8091 | D:11     | Received a gift from Okawaru
  8100 | D:11     | Reached XP level 12. HP: 57/75 MP: 12/12
  8113 | D:11     | Identified the +2 hat of Igesael {Dex+3} (Okawaru gifted it to you on level 11 of the Dungeon)
  8176 | D:11     | Noticed a six-headed hydra
  8185 | D:11     | Killed a six-headed hydra
  8529 | D:12     | Reached skill level 12 in Shields
  8757 | D:12     | Noticed a fire giant
  8773 | D:12     | Killed a fire giant
  9050 | D:12     | Found a staircase to the Orcish Mines.
  9069 | D:12     | Found a roughly hewn altar of Beogh.
  9390 | Lair:1   | Entered Level 1 of the Lair of Beasts
  9404 | Lair:1   | Found a labyrinth entrance.
  9841 | Lab      | Entered a labyrinth
 10028 | Lab      | Got a wavering wooden ring
 10029 | Lab      | Identified the ring of Existentialism {rN+ EV+4 Dex+2} (You found it in a labyrinth)
 10083 | Lab      | Reached XP level 13. HP: 81/81 MP: 13/13
 10165 | Lab      | Noticed a minotaur
 10206 | Lab      | Killed a minotaur
 10208 | Lab      | Got a fine ruby amulet
 10242 | Lab      | Identified the amulet "Onuif" {RegenMP +Fly Int+4 Dex-2} (You took it off a minotaur in a labyrinth)
 10730 | Lair:2   | Reached skill level 10 in Fighting
 10730 | Lair:2   | Reached skill level 13 in Shields
 10761 | Lair:2   | Noticed Fannar
 10789 | Lair:2   | Killed Fannar
 10789 | Lair:2   | Received a gift from Okawaru
 10864 | Lair:2   | Found a staircase to the Swamp.
 11008 | Lair:2   | Learned a level 6 spell: Iron Shot
 11255 | Lair:2   | Noticed a fire dragon
 11271 | Lair:2   | Killed a fire dragon
 11434 | Lair:2   | Found a staircase to the Snake Pit.
 11988 | Lair:3   | Received a gift from Okawaru
 11991 | Lair:3   | Got a spiked crystal plate armour {god gift}
 12002 | Lair:3   | Identified the +3 crystal plate armour of the Exiled Planets {rElec Int+5 Slay-3 Stlth+} (Okawaru gifted it to you on level 3 of the Lair of Beasts)
 12134 | Lair:3   | Reached skill level 14 in Shields
 12823 | Lair:4   | Lost mutation: You are clumsy. (Dex -2) [potion of cure mutation]
 12823 | Lair:4   | Lost mutation: Your mind is acute. (Int +2) [potion of cure mutation]
 12823 | Lair:4   | Lost mutation: Your flesh is heat resistant. (rF+) [potion of cure mutation]
 12823 | Lair:4   | Lost mutation: Your spells are a little harder to cast, but a little more powerful. [potion of cure mutation]
 12964 | Lair:4   | Identified the cursed +1 plate armour of Vehew {Str+4 Int+3 Stlth+} (You found it on level 4 of the Lair of Beasts)
 13029 | Lair:4   | Noticed Urug
 13041 | Lair:4   | Killed Urug
 13141 | Lair:4   | Gained mutation: Scrolls take you a little longer to read. [potion of mutation]
 13141 | Lair:4   | Gained mutation: You are weak. (Str -2) [potion of mutation]
 13141 | Lair:4   | Gained mutation: Your natural rate of healing is unusually fast. [potion of mutation]
 13142 | Lair:4   | Lost mutation: You are weak. (Str -2) [potion of cure mutation]
 13142 | Lair:4   | Lost mutation: Scrolls take you a little longer to read. [potion of cure mutation]
 13142 | Lair:4   | Lost mutation: Your natural rate of healing is unusually fast. [potion of cure mutation]
 13142 | Lair:4   | Lost mutation: You have very sharp teeth. [potion of cure mutation]
 13270 | Lair:4   | You fall through a shaft for 2 floors!
 13270 | Lair:6   | Entered Level 6 of the Lair of Beasts
 13353 | Lair:5   | Gained mutation: Your large and strong wings let you fly indefinitely. [Gargoyle growth]
 13353 | Lair:5   | Reached XP level 14. HP: 61/88 MP: 14/14
 13485 | Lair:5   | Found a viscous altar of Jiyva.
 13485 | Lair:5   | Found a staircase to the Slime Pits.
 14507 | Lair:6   | Received a gift from Okawaru
 14533 | Lair:6   | Reached skill level 15 in Shields
 15201 | Lair:6   | Received a gift from Okawaru
 15256 | Lair:6   | Found a large runed door.
 15256 | Lair:6   | Found a large runed door.
 16290 | D:13     | Found a shimmering altar of Xom.
 16294 | D:13     | Found a shimmering altar of Xom.
 16300 | D:13     | You are sucked into a shaft for 2 floors!
 16300 | D:15     | Entered Level 15 of the Dungeon
 16304 | D:15     | Noticed Louise
 16352 | D:15     | Killed Louise
 16802 | D:14     | Reached XP level 15. HP: 91/96 MP: 15/15
 17162 | D:14     | Reached skill level 16 in Shields
 17221 | D:14     | Received a gift from Okawaru
 17433 | D:13     | Found a gate to the Vaults.
 18173 | D:15     | Received a gift from Okawaru
 18202 | D:15     | Got a fine morningstar {god gift}
 18203 | D:15     | Identified the +2 morningstar "Utyn" {protect, rElec rC+ Str+4} (Okawaru gifted it to you on level 15 of the Dungeon)
 19172 | D:15     | Noticed Kirke
 19196 | D:15     | Killed Kirke
 19196 | D:15     | Received a gift from Okawaru
 19196 | D:15     | Reached skill level 15 in Maces & Flails
 19376 | D:15     | Reached skill level 1 in Stealth
 19377 | D:15     | Found a staircase to the Depths.
 19492 | D:15     | Found Tuiladil's Assorted Antiques.
 19770 | Orc:1    | Entered Level 1 of the Orcish Mines
 19770 | Orc:1    | Found a flagged portal.
 19862 | Orc:2    | Entered Level 2 of the Orcish Mines
 19862 | Orc:2    | Found a roughly hewn altar of Beogh.
 19862 | Orc:2    | Found a staircase to the Elven Halls.
 20115 | Orc:1    | Found Ciesa Cisk's Food Shop.
 20464 | Orc:2    | Found a roughly hewn altar of Beogh.
 20551 | Orc:2    | Found a roughly hewn altar of Beogh.
 20596 | Orc:2    | Found Nil Qero's Assorted Antiques.
 20809 | Orc:2    | Noticed an orc warlord
 20906 | Orc:2    | Found a roughly hewn altar of Beogh.
 20944 | Orc:2    | Reached XP level 16. HP: 98/104 MP: 16/16
 21188 | Orc:2    | Found a roughly hewn altar of Beogh.
 21323 | Orc:2    | Found Loheyf's Antique Armour Shop.
 21324 | Orc:2    | Found a roughly hewn altar of Beogh.
 21325 | Orc:2    | Found Keugywk's Antique Weapon Boutique.
 21475 | Orc:2    | Found a roughly hewn altar of Beogh.
 21498 | Orc:2    | Found Serapp's Weapon Boutique.
 21557 | Orc:1    | Reached skill level 17 in Shields
 21704 | Swamp:1  | Entered Level 1 of the Swamp
 21760 | Swamp:1  | Noticed a thorn hunter
 21786 | Swamp:1  | Killed a thorn hunter
 22056 | Swamp:1  | Received a gift from Okawaru
 22600 | Swamp:2  | Received a gift from Okawaru
 22605 | Swamp:2  | Identified the +8 morningstar "Trog's No More Talking" {speed, rC+ Int+4 Dex-5 Stlth+} (Okawaru gifted it to you on level 2 of the Swamp)
 23110 | Swamp:2  | Noticed Aizul
 23141 | Swamp:2  | Killed Aizul
 23150 | Swamp:2  | Demolished by an enormous slime creature

Skill      XL: |  1  2  3  4  5  6  7  8  9 10 11 12 13 14 15 16 |
---------------+-------------------------------------------------+-----
Fighting       | 4 5 6 7 8 9 10 12 13 | 13.6
Maces & Flails | 3 5 6 8 10 11 12 14 15 16 | 16.1
Armour         | 4 5 6 7 9 10 11 12 13 | 13.8
Shields        | 4 6 7 8 9 11 12 14 15 16 17 | 17.3
Stealth        | 1 |  1.0
Dodging        | |  0.7

Action                   |  1- 3 |  4- 6 |  7- 9 | 10-12 | 13-15 | 16-18 || total
-------------------------+-------+-------+-------+-------+-------+-------++-------
Melee: Flail             |    74 |       |       |       |       |       ||    74
       Whip              |    52 |   135 |   387 |   945 |   795 |       ||  2314
       Bite              |       |       |    30 |   113 |    94 |       ||   237
       Morningstar       |       |       |       |       |  1476 |   646 ||  2122
       Demon whip        |       |       |       |       |    10 |       ||    10
 Abil: Fly               |       |       |       |       |     1 |       ||     1
  Use: Scroll            |     6 |     1 |    10 |     6 |    15 |     3 ||    41
       Potion            |     2 |     3 |     8 |     2 |     7 |       ||    22
 Stab: Distracted        |       |       |       |       |     1 |       ||     1
  Eat: Chunk             |       |     3 |    12 |    19 |    32 |     6 ||    72
       Royal jelly       |       |       |       |       |     5 |     1 ||     6
Armor: Scale mail        |    76 |       |       |       |       |       ||    76
       Crystal plate arm |       |   120 |   307 |   462 |  1276 |   363 ||  2528
Dodge: Dodged            |    37 |     9 |    20 |    64 |   559 |   182 ||   871
Block: Shield            |    73 |    61 |   186 |   408 |  1539 |   473 ||  2740
